 Dungeon Crawl Stone Soup version 0.32-a0-871-ge202e49faa (webtiles) character file.

Game seed: 8886842731231694921

0 timneilson the Sneak (level 1, -3/10 HPs)
             Began as a Kobold Enchanter on Mar 29, 2024.
             Slain by a goblin
             ... wielding a +3 dagger
              (5 damage)
             ... on level 1 of the Dungeon.
             The game lasted 00:00:14 (41 turns).

timneilson the Sneak (Kobold Enchanter)               Turns: 41, Time: 00:00:15

Health: -3/10      AC:  2    Str:  5    XL:     1   Next: 11%
Magic:  3/3        EV: 14    Int: 16    God:
Gold:   0          SH:  0    Dex: 15    Spells: 4/4 levels left

rFire   . . .        a - +1 dagger
rCold   . . .        (no shield)
rNeg    . . .        b - +0 robe
rPois   .            (no helmet)
rElec   .            (no cloak)
rCorr   .            (no gloves)
SInv    .            (no boots)
Will    .....        (no amulet)
Stlth   ++++         (no ring)
HPRegen 0.21/turn    (no ring)
MPRegen 0.08/turn

%: no passive effects
@: no status effects
A: small, no large weapons, nightstalker 3
a: no special abilities


You were on level 1 of the Dungeon.
You visited 1 branch of the dungeon, and saw 1 of its levels.

Inventory:

Hand Weapons
 a - a +1 dagger (weapon)
Armour
 b - a +0 robe (worn)
Potions
 c - 2 potions of invisibility


   Skills:
 + Level 0.0 Fighting
 * Level 1.4 Short Blades
 + Level 0.0 Armour
 * Level 2.4 Dodging
 + Level 4.0 Stealth
 - Level 2.1 Spellcasting
 - Level 3.0 Hexes


You had 4 spell levels left.
You didn't know any spells.
Your spell library contained the following spells:

 Spells                   Type           Power      Damage    Failure   Level
 Ensorcelled Hibernation  Hex/Ice        12%        N/A       17%         2
 Confusing Touch          Hex            11%        N/A       19%         3
 Tukima's Dance           Hex            11%        N/A       19%         3
 Dazzling Flash           Conj/Hex       12%        N/A       32%         3


Dungeon Overview and Level Annotations

Branches:
Dungeon (1/15)

Altars:


Innate Abilities, Weirdness & Mutations

You are small and have problems with some larger weapons.
You are completely attuned to the shadows.


Message History

There is an open door here.
A kobold comes into view. It is wielding a +0 whip.
Found a robe.
A hobgoblin comes into view.
The hobgoblin shouts!
The kobold shouts!
You hear an angry hiss.
The kobold misses you.
A goblin comes into view. It is wielding a +3 dagger.
You hit the kobold.
The kobold is moderately wounded.
You hit the kobold.
You kill the kobold!
You barely miss the hobgoblin. The hobgoblin hits you.
You hit the hobgoblin.
The hobgoblin is heavily wounded.
The hobgoblin barely misses you.
You completely miss the hobgoblin.
The hobgoblin is heavily wounded.
The hobgoblin hits you but does no damage.
The goblin barely misses you.
A ball python comes into view.
You barely miss the hobgoblin.
The hobgoblin is heavily wounded.
The goblin barely misses you. The hobgoblin barely misses you.
You barely miss the hobgoblin.
The hobgoblin is heavily wounded.
The hobgoblin completely misses you. The goblin hits you with a +3 dagger.
You closely miss the hobgoblin.
The hobgoblin is heavily wounded.
The goblin completely misses you. The hobgoblin hits you.
* * * LOW HITPOINT WARNING * * *
You hit the goblin.
The goblin is severely wounded.
The ball python completely misses you. The ball python barely misses you.
The goblin closely misses you. The hobgoblin misses you.
You hit the goblin but do no damage.
The goblin is severely wounded.
The ball python closely misses you. The ball python barely misses you.
The goblin hits you with a +3 dagger.
Ouch! That really hurt!
You die...

#... .... #...
.....#############...
.....#...............
.........##....###...
.......#######.# #...
.....### ### ####
.[.g.# ....@# ###Sg#
##.# #.# #..


You could see a hobgoblin, a goblin and a ball python.

Vanquished Creatures
  A kobold (D:1)
1 creature vanquished.

Notes
Turn   | Place    | Note
-------+----------+-------------------------------------------
     0 | D:1      | timneilson the Kobold Enchanter began the quest for the
                  | Orb.
     0 | D:1      | Reached XP level 1. HP: 10/10 MP: 3/3
    41 | D:1      | Slain by a goblin

Illustrated notes

Levels and vault maps discovered:
D:1:      giann_horns, layout_rooms, supply_closet_lemuel, bh_walls_and_bars

Action                     || total
---------------------------++-------
  Melee: Dagger            ||    10
 Armour: Robe              ||     5
  Dodge: Dodged            ||    13

Table legend: (Time is in decaauts)
 A = Elapsed time spent in this place.
 B = Non-inter-level travel time spent in this place.
 C = Inter-level travel time spent in this place.
 D = Time resting spent in this place.
 E = Time spent auto-exploring this place.
 F = Levels seen in this place.
 G = Mean time per level.
                   A        B        C        D        E       F      G
               +--------+--------+--------+--------+--------+-----+--------+
         Total |     40 |     40 |      0 |      0 |     28 |   1 |   40.0 |
       Dungeon |     40 |     40 |      0 |      0 |     28 |   1 |   40.0 |
               +--------+--------+--------+--------+--------+-----+--------+

Top non-repeatable levels by time:
     D:1: 40 daAuts
